 Dungeon Crawl Stone Soup version 0.16-a0-3943-gb4b81e6 (webtiles) character file.

136 timbw the Insei (level 4, -2/33 HPs)
             Began as a Centaur Venom Mage on Feb 8, 2015.
             Killed from afar by Noname's ghost (6 damage)
             ... with a magic dart
             ... on level 5 of the Dungeon.
             The game lasted 00:05:36 (1164 turns).

timbw the Insei (Centaur Venom Mage)                Turns: 1164, Time: 00:05:36

Health: -2/33      AC:  7    Str: 10    XL:     4   Next: 98%
Magic:  5/5        EV:  9    Int: 15    God:
Gold:   89         SH:  0    Dex: 10    Spells: 2 memorised, 3 levels left

rFire  . . .     SeeInvis .       - Unarmed
rCold  + . .     Clarity  .     l - +1 leather armour {rC+}
rNeg   . . .     SustAb   .     (no shield)
rPois  .         Gourm    .     (no helmet)
rElec  .         Spirit   .     i - +1 cloak
rCorr  .         Warding  .     (no gloves)
rMut   .         Stasis   .     (no barding)
MR     .....                    (no amulet)
Stlth  +.........               (no ring)
                                (no ring)

@: very quick, not resistant to hostile enchantments, very unstealthy
A: hooves 3, deformed body, speed 2, tough skin 3
a: no special abilities


You were on level 5 of the Dungeon.
You were not hungry.

You visited 1 branch of the dungeon, and saw 5 of its levels.

You collected 89 gold pieces.

Inventory:

Missiles
 e - 10 poisoned needles
Armour
 a - a +0 robe
 i - a +1 cloak (worn)
 l - a +1 leather armour of cold resistance (worn)
Scrolls
 j - a scroll of teleportation
 k - a scroll of fog
Potions
 g - 2 potions of decay {unknown}
Books
 b - a Young Poisoner's Handbook

   Spells                             Type                      Level
   a - Sting                          Conjuration/Poison           1
   b - Cure Poison                    Poison                       2
   c - Mephitic Cloud                 Conjuration/Poison/Air       3
   d - Olgreb's Toxic Radiance        Poison                       4
   e - Venom Bolt                     Conjuration/Poison           5
Comestibles
 c - 4 bread rations
 d - a beef jerky


   Skills:
 - Level 1.3 Dodging
 - Level 1.2 Stealth
 + Level 4.6 Unarmed Combat
 - Level 1.5 Spellcasting
 - Level 3.2 Poison Magic


You had 3 spell levels left.
You knew the following spells:

 Your Spells              Type           Power        Failure   Level  Hunger
a - Sting                 Conj/Pois      #...         17%         1    ##.....
b - Cure Poison           Pois           ##........   14%         2    ###....


Dungeon Overview and Level Annotations

Branches:
Dungeon (5/15)
 Temple: D:4-7

Altars:
Gozag

Shops:
D:4 ?

Annotations:
D:4 timbw's ghost, average CeVM
D:5 Noname's ghost, experienced SpCj


Innate Abilities, Weirdness & Mutations

You have hooves in place of feet.
Armour fits poorly on your strangely shaped body.
You cover ground very quickly.
You have extremely tough skin (AC +3).


Message History

Found a trident.
You start resting.
Noname's ghost (experienced Spriggan Conjurer) comes into view.
It is wielding a weapon of speed.
Noname's ghost turns its malevolent gaze towards you.
Drink which item? (? for menu, Esc to quit)
Okay, then.
A giant gecko comes into view.
An iguana comes into view.
A worker ant comes into view.
The worker ant twitches its antennae in your direction.
Noname's ghost casts a spell at you. The magic dart hits you!
Noname's ghost gestures at you while chanting.
The magic dart hits you!
* * * LOW HITPOINT WARNING * * *
A scorpion comes into view.
The giant gecko barely misses you.
Noname's ghost points at you and mumbles some strange words.
The magic dart hits you!
You die...

#...(.....#
#.........# #..
#.......W.# ....
#.........#...
#....<....#.#
#...........#####
##...........)...
#.......l...####
#####..@....#
#...>.......
##.a....###
#.....## .......#
#.......#
#...s...#
##.....# #..


You could see a scorpion, a worker ant, Noname's ghost and a giant gecko.

Vanquished Creatures
  A worker ant (D:4)
  Jessica (D:3)
  3 gnolls (D:2)
  A worm (D:2)
  An adder skeleton (D:5)
  2 giant geckos
  7 orcs (D:3)
  3 bats
  2 giant cockroaches (D:1)
  5 goblins
  2 hobgoblins
  7 jackals
  3 ball pythons
  3 giant newts
  7 kobolds
  5 rats
53 creatures vanquished.

Vanquished Creatures (others)
  A fungus (D:1)
1 creature vanquished.

Grand Total: 54 creatures vanquished

Notes
Turn   | Place    | Note
--------------------------------------------------------------
     0 | D:1      | timbw, the Centaur Venom Mage, began the quest for the Orb.
     0 | D:1      | Reached XP level 1. HP: 14/14 MP: 2/2
   103 | D:1      | Reached skill level 1 in Unarmed Combat
   167 | D:1      | Reached XP level 2. HP: 18/20 MP: 1/3
   256 | D:2      | Reached XP level 3. HP: 24/26 MP: 0/5
   557 | D:2      | Found an opulent altar of Gozag.
   666 | D:3      | Noticed Jessica
   677 | D:3      | Killed Jessica
   677 | D:3      | Reached XP level 4. HP: 27/33 MP: 1/5
   687 | D:3      | Reached skill level 4 in Unarmed Combat
   828 | D:3      | Learned a level 2 spell: Cure Poison
  1048 | D:4      | Noticed timbw's ghost (average CeVM)
  1133 | D:4      | Found Nosyazyn's Magic Scroll Shoppe.
  1140 | D:5      | Entered Level 5 of the Dungeon
  1158 | D:5      | Noticed Noname's ghost (experienced SpCj)
  1164 | D:5      | Killed from afar by Noname's ghost

Action                   |  1- 3 |  4- 6 || total
-------------------------+-------+-------++-------
Melee: Unarmed           |    85 |    61 ||   146
 Cast: Sting             |    29 |    13 ||    42
  Use: Scroll            |       |     5 ||     5
  Eat: Chunk             |       |     2 ||     2
